AoeStats
← Michi3052

Arena

505888925Analyzed
1v1 RM · 22d ago on Sep 11, 2026· 31m 44s· 2 players
Game mode
Random Map
Map size
Tiny (2 player)
Population
200
Speed
Normal
Resources
Standard
Victory
Conquest
Starting age
Dark Age
Ending age
Imperial Age
RankedLock teamsTeams togetherTeam positionsShared explorationLock speedFull tech treeHidden civsTurbo modeCheats
Victory
Defeat
🇪🇸 Turks · Spain
695
+16
🇦🇺 Turks · Australia
700
-16
Michi3052
12:21 Feudal Age
13:42 Double-Bit Axe
17:00 Castle Age
17:02 Horse Collar
25:45 Imperial Age
23:37 Gold Mining
26:08 Gold Shaft Mining
25:35 Fletching
28:02 Bodkin Arrow
28:08 Padded Archer Armor
29:17 Wheelbarrow
30:13 Leather Archer Armor
30:54 Thumb Ring
30:45 Loom
d2mv
11:18 Feudal Age
15:56 Castle Age
30:28 Imperial Age
29:43 Double-Bit Axe
Connection lost

Rejoining the realm…

Still unreachable

The connection could not be restored.

Session expired

The server has moved on; the page needs a fresh start.